 Dungeon Crawl Stone Soup version 0.27.0-1-g7a089689b8 (webtiles) character file.

Game seed: 6079898645809220025

23 MajorAdolf the Gusty (level 3, 0/30 HPs)
             Began as a Naga Wanderer on Aug 17, 2021.
             Slain by a gnoll (10 damage)
             ... on level 1 of the Dungeon.
             The game lasted 00:02:43 (1220 turns).

MajorAdolf the Gusty (Naga Wanderer)                Turns: 1220, Time: 00:02:43

Health: 0/30       AC:  2    Str: 12    XL:     3   Next: 0%
Magic:  0/6        EV:  9    Int: 15    God:
Gold:   22         SH:  0    Dex: 10    Spells: 2/6 levels left

rFire    . . .     SeeInvis +   l - +0 hand axe
rCold    . . .     Faith    .   (no shield)
rNeg     . . .     Spirit   .   b - +0 robe
rPois    +         Reflect  .   (no helmet)
rElec    .         Harm     .   (no cloak)
rCorr    .         Rampage  .   (no gloves)
Will     .....                  (no barding)
Stlth    +.........             (no amulet)
HPRegen  0.10/turn              (no ring)
MPRegen  0.10/turn              (no ring)

@: very slightly contaminated, very slow
A: AC +1, large, see invisible, deformed body, poison resistance, slowness 2,
spit poison 1, naga tail 1
a: Spit Poison


You were on level 1 of the Dungeon.
You visited 1 branch of the dungeon, and saw 2 of its levels.

You collected 22 gold pieces.

Inventory:

Hand Weapons
 a - a +0 club
 i - a +0 dagger
 l - a +0 hand axe (weapon)
Armour
 b - a +0 robe (worn)
 g - a +0 kite shield
Scrolls
 c - a scroll of teleportation
 h - a scroll of amnesia {unknown}
 j - a scroll of acquirement {unknown}
 m - a scroll of identify {unknown}
Potions
 d - a potion of curing {unknown}
 e - 2 potions of attraction {unknown}
 f - a potion of heal wounds {unknown}
 k - a potion of magic {unknown}


   Skills:
 + Level 0.7 Fighting
 + Level 0.1 Axes
 - Level 1.0 Throwing
 + Level 0.5 Dodging
 + Level 1.3 Stealth
 + Level 0.2 Shields
 + Level 2.2 Spellcasting
 + Level 0.9 Conjurations
 + Level 6.0 Air Magic
 + Level 0.0 Poison Magic
 - Level 1.0 Evocations


You had 2 spell levels left.
You knew the following spells:

 Your Spells              Type           Power      Damage    Failure   Level
a - Magic Dart            Conj           16%        1d3       16%         1
b - Mephitic Cloud        Conj/Pois/Air  8%         N/A       26%         3

Your spell library contained the following spells:

 Spells                   Type           Power      Damage    Failure   Level
 Apportation              Tloc           2%         N/A       22%         1
 Blink                    Tloc           N/A        N/A       32%         2
 Call Imp                 Summ           1%         N/A       32%         2
 Slow                     Hex            1%         N/A       32%         2
 Conjure Flame            Conj/Fire      3%         6-21      47%         3
 Lesser Beckoning         Tloc           0%         N/A       54%         3
 Portal Projectile        Hex/Tloc       2%         N/A       54%         3
 Manifold Assault         Tloc           1%         N/A       99%         5


Dungeon Overview and Level Annotations

Branches:
Dungeon (2/15)

Altars:


Innate Abilities, Weirdness & Mutations

Your serpentine skin is tough. (AC +1)
You have supernaturally acute eyesight. (SInv)
Armour fits poorly on your strangely shaped body.
Your system is resistant to poisons. (rPois)
You cover ground very slowly.
You can spit poison.
You have a snake-like lower body.


Message History

Confirm with . or Enter, or press ? or * to list all spells.
Aiming: Magic Dart (safe; 16% risk of failure)
Press: ? - help, Shift-Dir - straight line, f/p - gnoll
Aim: a gnoll, wielding a +0 whip (moderately wounded, 100% to hit)
You miscast Magic Dart.
Nothing appears to happen.
The gnoll closely misses you.
Unknown command.
Press: ? - help, Shift-Dir - straight line, f/p - gnoll
Aim: a gnoll, wielding a +0 whip (moderately wounded)
The splash of poison hits the gnoll.
The gnoll is severely wounded.
The gnoll hits you with a +0 whip.
Unknown command.
Casting: Magic Dart (safe; 16% risk of failure)
Confirm with . or Enter, or press ? or * to list all spells.
Aiming: Magic Dart (safe; 16% risk of failure)
Press: ? - help, Shift-Dir - straight line, f/p - gnoll
Aim: a gnoll, wielding a +0 whip (severely wounded, 100% to hit)
The magic dart hits the gnoll.
The gnoll is severely wounded.
The gnoll barely misses you.
Unknown command.
Casting: Magic Dart (safe; 16% risk of failure)
Confirm with . or Enter, or press ? or * to list all spells.
Aiming: Magic Dart (safe; 16% risk of failure)
Press: ? - help, Shift-Dir - straight line, f/p - gnoll
Aim: a gnoll, wielding a +0 whip (severely wounded, 100% to hit)
You miscast Magic Dart.
Nothing appears to happen.
The gnoll hits you with a +0 whip.
Unknown command.
Casting: Magic Dart (safe; 16% risk of failure)
Confirm with . or Enter, or press ? or * to list all spells.
Aiming: Magic Dart (safe; 16% risk of failure)
Press: ? - help, Shift-Dir - straight line, f/p - gnoll
Aim: a gnoll, wielding a +0 whip (severely wounded, 100% to hit)
The magic dart hits the gnoll.
The gnoll is almost dead.
You have got your breath back.
The gnoll hits you with a +0 whip!
You die...

##################
#.................
#.###.............
#########.# #.............
#.......#.###........)....
#.####.##@................
#.####.##g###.............
#....#.......)###.########
#....#..#.##### #.........
#...)#....########........
#....#.##..)..............
#....#.##.########........
#....#....#### #..##'###
###....###.....# ##.##.'#+


You could see a gnoll.

Vanquished Creatures
  A worm (D:2)
  2 ball pythons (D:1)
  A bat (D:1)
  2 giant cockroaches (D:2)
  4 goblins
  3 hobgoblins (D:1)
  3 kobolds
  A frilled lizard (D:1)
  A rat (D:1)
18 creatures vanquished.

Notes
Turn   | Place    | Note
-------+----------+-------------------------------------------
     0 | D:1      | MajorAdolf the Naga Wanderer began the quest for the Orb.
     0 | D:1      | MajorAdolf set off with the following items: a +0 club, a
                  | +0 robe, a scroll of teleportation; and the following
                  | spells available to memorise: Apportation, Magic Dart,
                  | Mephitic Cloud, Blink, Call Imp, Slow, Conjure Flame,
                  | Portal Projectile
     0 | D:1      | Reached XP level 1. HP: 15/15 MP: 3/3
     2 | D:1      | Learned a level 1 spell: Magic Dart
   270 | D:1      | Reached skill level 1 in Stealth
   270 | D:1      | Reached XP level 2. HP: 24/24 MP: 5/5
  1089 | D:2      | Reached XP level 3. HP: 26/30 MP: 0/6
  1146 | D:2      | Learned a level 3 spell: Mephitic Cloud
  1220 | D:1      | Slain by a gnoll

Illustrated notes

Levels and vault maps discovered:
D:1:      erik_arrival_triangle_medium, layout_basic
D:2:      minmay_razor_zed, layout_loops_ring, uniq_crazy_yiuf_cottage

Skill      XL: |  1 |
---------------+----+-----
Stealth        | 1 |  1.3
Fighting       | |  0.7
Axes           | |  0.1
Throwing       | |  1.0
Dodging        | |  0.5
Shields        | |  0.2
Spellcasting   | |  2.2
Conjurations   | |  0.9
Air Magic      | |  6.0
Evocations     | |  1.0

Action                   || total
-------------------------++-------
Melee: Club              ||     4
       Hand axe          ||     4
 Cast: Magic Dart        ||    27
 Abil: Spit Poison       ||    20
Armor: Robe              ||     6
Dodge: Dodged            ||    15
